 Dungeon Crawl Stone Soup version 0.31-a0-1074-g0b22e4e0f1 (webtiles) character file.

Game seed: 7270999680077268987

1796 IdlyInterested the Changeling (level 8, -1/60 HPs)
             Began as a Demonspawn Shapeshifter on Dec 7, 2023.
             Killed from afar by Maurice (13 damage)
             ... with a bolt of dispelling energy
             ... on level 7 of the Dungeon.
             The game lasted 00:17:44 (6349 turns).

IdlyInterested the Changeling (DsSh)                Turns: 6349, Time: 00:17:45

Health: -1/60      AC: 13    Str: 18    XL:     8   Next: 83%
Magic:  8/8        EV: 15    Int: 12    God:
Gold:   1060       SH:  0    Dex: 14    Spells: 7/7 levels left

rFire   . .          .
                       - Unarmed
rCold   + . .        (no shield)
rNeg    + . .        t - +0 chain mail
rPois   .            m - +0 helmet
rElec   .            B - +2 cloak of the Fifty Lives {rC+ rN+ Str+3 Slay+2}
rCorr   .            (no gloves)
SInv    .            r - +0 pair of boots
Will    +....        (no amulet) Stlth
                     o - +5 ring of evasion
HPRegen 0.30/turn    w - ring of willpower
MPRegen 0.11/turn

%: no passive effects
@: mighty
A: powered by pain 2, sturdy frame 1
a: no special abilities


You were on level 7 of the Dungeon.
You visited 2 branches of the dungeon, and saw 8 of its levels.
You also visited: Sewer.

You collected 1060 gold pieces.

Inventory:

Hand Weapons
 p - a +1 dagger of speed
 u - a +2 short sword of protection
 G - a +0 rapier
Missiles
 g - 9 stones (quivered)
 N - 5 poisoned darts
 O - a curare-tipped dart
Armour
 m - a +0 helmet (worn)
 r - a +0 pair of boots (worn)
 t - a +0 chain mail (worn)
 B - the +2 cloak of the Fifty Lives (worn) {rC+ rN+ Str+3 Slay+2}
   (You found it on level 3 of the Dungeon)

   Str+3:     It affects your strength (+3).
   Slay+2:    It affects your accuracy & damage with ranged weapons and melee
   (+2).
   rC+:       It protects you from cold.
   rN+:       It protects you from negative energy.
Jewellery
 o - a +5 ring of evasion (left hand)
 w - a ring of willpower (right hand)
 x - an amulet of faith
 D - a ring of fire
 M - a +6 ring of dexterity
Talismans
 c - a beast talisman
 d - a flux talisman
Wands
 h - a wand of paralysis (5)
Scrolls
 b - a scroll of fog
 f - 3 scrolls of teleportation
 j - a scroll of enchant weapon
 k - 4 scrolls of summoning {unknown}
 n - 3 scrolls of immolation
 y - a scroll of amnesia {unknown}
 z - 2 scrolls of fear {unknown}
 H - a scroll of enchant armour {unknown}
 K - a scroll of blinking {unknown}
 L - a scroll of acquirement
Potions
 a - 3 potions of curing
 e - 2 potions of might
 i - a potion of resistance
 l - a potion of attraction
 q - 2 potions of haste {unknown}
 v - a potion of lignification
 A - a potion of ambrosia {unknown}
 E - 2 potions of brilliance
 F - a potion of degeneration {unknown}
 I - a potion of enlightenment {unknown}


   Skills:
 - Level 4.0 Fighting
 + Level 3.9 Dodging
 + Level 5.8 Unarmed Combat
 * Level 7.4 Shapeshifting


You had 7 spell levels left.
You didn't know any spells.
Your spell library contained the following spells:

 Spells                   Type           Power      Damage    Failure   Level
 Kiss of Death            Conj/Necr      0%         2d5       89%         1
 Shock                    Conj/Air       0%         1d3       89%         1
 Summon Small Mammal      Summ           0%         N/A       89%         1
 Lesser Beckoning         Tloc           0%         N/A       96%         2
 Call Canine Familiar     Summ           0%         N/A       99%         3
 Gell's Gravitas          Tloc           0%         N/A       99%         3
 Summon Guardian Golem    Hex/Summ       0%         N/A       99%         3
 Swiftness                Air            0%         N/A       99%         3
 Teleport Other           Tloc           0%         N/A       99%         3
 Airstrike                Air            0%         2d(0-16)  100%        4
 Summon Ice Beast         Ice/Summ       0%         N/A       100%        4
 Alistair's Intoxication  Tmut/Pois      0%         N/A       100%        5
 Borgnjor's Vile Clutch   Necr/Erth      0%         N/A       100%        5
 Summon Mana Viper        Hex/Summ       0%         N/A       100%        5
 Eringya's Noxious Bog    Tmut/Pois      0%         4d6       100%        6
 Monstrous Menagerie      Summ           0%         N/A       100%        7


Dungeon Overview and Level Annotations

Branches:
Dungeon (7/15)             Temple (1/1) D:4           Sewer (visited)

Altars:
Ashenzari
Fedhas
Gozag
Hepliaklqana
Kikubaaqudgha
Makhleb
Nemelex Xobeh
Okawaru
Qazlal
Ru
Sif Muna
Trog
Uskayaw
Vehumet
Wu Jian
Xom
Yredelemnul

Shops:
D:7 (

Annotations:
D:7 Maurice


Innate Abilities, Weirdness & Mutations

You sometimes gain power by taking damage.
Your movements are slightly less encumbered by armour. (ER -2)


Message History

You hit something. Something hits you.
Something steals your +1 short sword of freezing!
Something completely misses you.
You punch something! Something hits you but does no damage.
Something barely misses you.
You closely miss something.
You hear a zap.
A bolt of dispelling energy appears from out of thin air!
The bolt of dispelling energy hits you!
* * * LOW HITPOINT WARNING * * *
You miss something. Something hits you but does no damage.
Something bites you but does no damage.
You hit something.
A bullfrog comes into view.
Something hits you but does no damage. Something bites you but does no damage.
You barely miss something.
You hear a zap.
A bolt of dispelling energy appears from out of thin air!
The bolt of dispelling energy misses you.
You hit something. You punch something! Something hits you but does no damage.
Something bites you but does no damage.
You barely miss something. Your punch misses something.
Something drops a +0 short sword.
Something picks up a +0 flail.
Something drops a +0 cloak of poison resistance.
Something picks up a +0 leather armour.
You hit something. You punch something!
You hear a zap.
A bolt of dispelling energy appears from out of thin air!
The bolt of dispelling energy hits you!
* * * LOW HITPOINT WARNING * * *
You focus on the pain.
You feel very mighty all of a sudden.
You feel better.
You hear a zap.
A bolt of dispelling energy appears from out of thin air!
The bolt of dispelling energy hits you!
Your magical effects are unravelling.
You die...

#. #...# #.. ###.#
#.. .# #.# #.. ..
#.# #.. #.### ##.#
# #.. #...#.##.#
#.#.< .#.#.##.#
#....####.....##.#
#F{@..##.# #.#
#####.##.####.#
#.[..<....#
####.###### #.#
#.# #.# ..# ###


You could see a bullfrog.

Vanquished Creatures
  Eustachio (D:5)
  Duvessa (D:5)
  2 water moccasins
  Pargi (Sewer)
  2 ogres
  2 phantoms (D:6)
  A kobold brigand (D:7)
  A bullfrog (D:7)
  A scorpion (D:5)
  Dowan (D:5)
  4 jellies (D:6)
  A hound (D:5)
  A sleepcap (D:7)
  Ijyb (D:5)
  2 iguanas
  8 orc wizards
  4 gnolls (D:3)
  7 adders
  A white imp (D:6)
  3 worms
  4 dart slugs
  17 orcs
  4 ball pythons
  7 endoplasms
  2 giant cockroaches
  6 goblins
  4 hobgoblins
  3 jackals (D:4)
  10 kobolds
  4 quokkas
  17 bats
  3 frilled lizards
  5 rats
  A butterfly (D:4)
132 creatures vanquished.

Vanquished Creatures (others)
  An orc wizard (D:7)
1 creature vanquished.

Grand Total: 133 creatures vanquished

Notes
Turn   | Place    | Note
-------+----------+-------------------------------------------
     0 | D:1      | IdlyInterested the Demonspawn Shapeshifter began the quest
                  | for the Orb.
     0 | D:1      | Reached XP level 1. HP: 15/15 MP: 1/1
   239 | D:1      | Gained mutation: Your movements are slightly less
                  | encumbered by armour. (ER -2) [demonic ancestry]
   239 | D:1      | Reached XP level 2. HP: 21/21 MP: 2/2
   319 | D:1      | Reached skill level 3 in Shapeshifting
   506 | D:1      | Found a faded altar of an unknown god.
   934 | D:2      | Reached XP level 3. HP: 26/26 MP: 3/3
  1109 | D:2      | Reached XP level 4. HP: 24/33 MP: 4/4
  1463 | D:3      | Found an opulent altar of Gozag.
  2016 | D:3      | Identified the +2 cloak of the Fifty Lives {rC+ rN+ Str+3
                  | Slay+2}
  2075 | D:3      | Found a radiant altar of Vehumet.
  2091 | D:3      | Reached skill level 4 in Shapeshifting
  2091 | D:3      | Gained mutation: You sometimes gain a little power by
                  | taking damage. [demonic ancestry]
  2091 | D:3      | Reached XP level 5. HP: 36/39 MP: 5/5
  2097 | D:3      | Found an ancient bone altar of Kikubaaqudgha.
  2115 | D:3      | Got Kikubaaqudgha's Cyclopedia of the Dead
  2121 | D:3      | Found a shimmering blue altar of Sif Muna.
  2337 | D:4      | Identified a scroll of acquirement
  2337 | D:4      | Acquired 736 gold pieces
  2388 | D:4      | Found a glowing drain.
  2428 | Sewer    | Entered a sewer
  2561 | Sewer    | Noticed Pargi
  2582 | Sewer    | Killed Pargi
  2583 | Sewer    | Gained mutation: You sometimes gain power by taking damage.
                  | [demonic ancestry]
  2583 | Sewer    | Reached XP level 6. HP: 41/47 MP: 6/6
  2758 | D:4      | Found a shimmering altar of Xom.
  2843 | D:4      | Found a staircase to the Ecumenical Temple.
  3150 | D:4      | Reached skill level 5 in Shapeshifting
  3431 | Temple   | Entered the Ecumenical Temple
  3445 | D:5      | Entered Level 5 of the Dungeon
  3459 | D:5      | Noticed Dowan
  3460 | D:5      | Noticed Duvessa
  3472 | D:5      | Killed Duvessa
  3473 | D:5      | Reached XP level 7. HP: 53/53 MP: 7/7
  3479 | D:5      | Killed Dowan
  3779 | D:5      | Noticed Ijyb
  3784 | D:5      | Paralysed by Ijyb for 2 turns
  3792 | D:5      | Paralysed by Ijyb for 5 turns
  3801 | D:5      | Paralysed by Ijyb for 4 turns
  3806 | D:5      | Killed Ijyb
  3937 | D:5      | Reached skill level 6 in Shapeshifting
  4050 | D:5      | Noticed Eustachio
  4071 | D:5      | Killed Eustachio
  4072 | D:5      | Reached skill level 5 in Unarmed Combat
  4072 | D:5      | Reached XP level 8. HP: 42/60 MP: 8/8
  4890 | D:6      | Found a burning altar of Makhleb.
  4890 | D:6      | Found a faded altar of an unknown god.
  4898 | D:6      | Found a broken altar of Ashenzari.
  4900 | D:6      | Found a faded altar of an unknown god.
  5231 | D:6      | Reached skill level 7 in Shapeshifting
  6061 | D:7      | Found Xeukhloc's Weapon Shop.
  6091 | D:7      | Found an iron altar of Okawaru.
  6267 | D:7      | Noticed Maurice
  6312 | D:7      | Something stole a +4 ring of protection
  6319 | D:7      | Something stole an orb of guile
  6321 | D:7      | Something stole 85 stones
  6338 | D:7      | Something stole a +1 short sword of freezing
  6348 | D:7      | HP: 3/60 [something/bolt of dispelling energy (12)]
  6349 | D:7      | Killed from afar by Maurice

Illustrated notes

Levels and vault maps discovered:
D:1:      dpeg_arrival_leaves_temple_mockup, layout_basic,
          dreamdust_ecumenical_altar_grove
D:2:      minmay_wonky_spiral, layout_basic, minmay_split_cup_small
D:3:      layout_basic, palyth_temple_overflow_mages, grunt_gozag_statues
D:4:      layout_loops_ring, xom_butterflies, minmay_temple_entry_mist,
          cheibrodos_sewer_entry_sluice, nicolae_titane
D:5:      layout_loops_corners, uniq_eustachio, uniq_ijyb, uniq_duvessa
D:6:      layout_basic, chequers_temple_overflow_minitemple, grunt_ministairs_4,
          kennysheep_nondescript, minmay_misc_feat_pillars,
          corexii_hall_statues_l
D:7:      nzn_winding_woodlands_small [nzn_winding_woodlands_5x15_eye,
          nzn_winding_woodlands_center_lodge,
          nzn_winding_woodlands_5x15_pathside_ponds], layout_loops_ring,
          pf_just_have_faith, serial_shops, nicolae_shop_back_alley_shop,
          minmay_nine_imps, uniq_maurice, uniq_maggie
Temple:   nicolae_temple_ecumenical_triangle

Skill      XL: |  1  2  3  4  5  6  7  8 |
---------------+-------------------------+-----
Shapeshifting  | 3 4 5 6 7 |  7.4
Unarmed Combat | 3 4 5 |  5.8
Fighting       | 2 3 4 |  4.0
Dodging        | 2 3 |  3.9

Action                     |  1- 3 |  4- 6 |  7- 9 || total
---------------------------+-------+-------+-------++-------
  Melee: Unarmed           |   123 |   208 |   306 ||   637
         Punch             |     2 |     7 |    12 ||    21
  Throw: Stone             |     2 |       |    18 ||    20
    Use: Scroll            |     1 |     6 |       ||     7
         Potion            |     1 |     2 |     9 ||    12
   Stab: Sleeping          |     1 |       |       ||     1
 Armour: Animal skin       |    26 |       |       ||    26
         Chain mail        |    20 |   113 |   237 ||   370
         Skin              |       |    12 |       ||    12
  Dodge: Dodged            |   109 |   133 |   211 ||   453
         Form:             |     2 |     1 |       ||     3
         Flux              |     1 |       |       ||     1
         Beast             |     2 |       |       ||     2

Table legend: (Time is in decaauts)
 A = Elapsed time spent in this place.
 B = Non-inter-level travel time spent in this place.
 C = Inter-level travel time spent in this place.
 D = Time resting spent in this place.
 E = Time spent auto-exploring this place.
 F = Levels seen in this place.
 G = Mean time per level.
                   A        B        C        D        E       F      G
               +--------+--------+--------+--------+--------+-----+--------+
         Total |   6313 |   5933 |    380 |   1135 |   3123 |   9 |  701.4 |
       Dungeon |   6018 |   5638 |    380 |    935 |   3109 |   7 |  859.7 |
        Temple |      1 |      1 |      0 |      0 |      0 |   1 |    1.0 |
         Sewer |    293 |    293 |      0 |    200 |     14 |   1 |  293.0 |
               +--------+--------+--------+--------+--------+-----+--------+

Top non-repeatable levels by time:
     D:6: 1465 daAuts
     D:5: 1104 daAuts
     D:3: 920 daAuts
     D:4: 829 daAuts
     D:1: 738 daAuts
     D:2: 658 daAuts
     D:7: 302 daAuts
   Sewer: 293 daAuts
  Temple: 1 daAuts
